 Dungeon Crawl Stone Soup version 0.30-a0-800-g7c544603b3 (webtiles) character file.

Game seed: 7729234827110676148

6531 retardedninja the Blocker (level 11, -8/89 HPs)
             Began as a Gnoll Fighter on Feb 17, 2023.
             Was an Initiate of Gozag.
             Drowned by a water elemental (10 damage)
             ... on level 2 of the Abyss on Feb 21, 2023.
             The game lasted 00:17:30 (12272 turns).

retardedninja the Blocker (Gnoll Fighter)          Turns: 12272, Time: 00:17:30

Health: -8/89      AC: 16    Str: 20    XL:     11   Next: 1%
Magic:  0/20       EV:  7    Int:  8    God:    Gozag
Gold:   988        SH: 10    Dex: 11    Spells: 22/22 levels left

rFire   . . .      SeeInvis .    a - +3 war axe
rCold   . . .      Faith    .    f - +0 kite shield
rNeg    + . .      Spirit   +    x - +0 plate armour
rPois   .          Reflect  .    w - +1 hat
rElec   .          Harm     .    (no cloak)
rCorr   .          Rampage  .    r - +0 pair of gloves
Will    .....                    (no boots) Stlth
                                 t - amulet of guardian spirit
HPRegen 0.34/turn                g - ring of flight
MPRegen 0.17/turn                b - ring of positive energy

@: engulfed (cannot breathe), flying
A: fangs 1, strong nose, distributed training
a: Renounce Religion, Potion Petition, Call Merchant, Bribe Branch


You were on level 2 of the Abyss.
You worshipped Gozag.
Gozag was pleased with you.
You visited 2 branches of the dungeon, and saw 10 of its levels.
You visited the Abyss 1 time.

You collected 1224 gold pieces.
You paid 236 gold pieces to Gozag.

Inventory:

Hand Weapons
 a - a +3 war axe (weapon)
Armour
 f - a +0 kite shield (worn)
 r - a +0 pair of gloves (worn)
 w - a +1 hat (worn)
 x - a +0 plate armour (worn)
Jewellery
 b - a ring of positive energy (right hand)
 g - a ring of flight (left hand)
 t - an amulet of guardian spirit (around neck)
Wands
 q - a wand of acid (2)
 C - a wand of flame (4)
Scrolls
 d - 2 scrolls of fear
 h - a scroll of vulnerability
 i - a scroll of magic mapping
 j - a scroll of torment {unknown}
 k - 2 scrolls of blinking
 n - 3 scrolls of teleportation
 p - 2 scrolls of immolation
 v - a scroll of identify
Potions
 e - a potion of mutation
 l - a potion of curing
 m - a potion of attraction
 o - a potion of resistance {unknown}
 u - 3 potions of flight
 A - a potion of degeneration


   Skills:
 + Level 9.0 Fighting
 + Level 6.0 Short Blades
 + Level 6.0 Long Blades
 + Level 7.6 Axes
 + Level 6.0 Maces & Flails
 + Level 6.0 Polearms
 + Level 6.0 Staves
 + Level 6.0 Ranged Weapons
 + Level 6.0 Throwing
 + Level 9.0 Armour
 + Level 6.0 Dodging
 + Level 6.0 Stealth
 + Level 9.0 Shields
 + Level 6.0 Unarmed Combat
 + Level 6.0 Spellcasting
 + Level 5.0 Conjurations
 + Level 5.0 Hexes
 + Level 5.0 Summonings
 + Level 5.0 Necromancy
 + Level 5.0 Translocations
 + Level 5.0 Transmutations
 + Level 5.0 Fire Magic
 + Level 5.0 Ice Magic
 + Level 5.0 Air Magic
 + Level 5.0 Earth Magic
 + Level 5.0 Poison Magic
 + Level 6.6 Invocations
 + Level 6.0 Evocations


You had 22 spell levels left.
You didn't know any spells.
Your spell library contained the following spells:

 Spells                   Type           Power      Damage    Failure   Level
 Magic Dart               Conj           40%        1d5       78%         1
 Sandblast                Erth           20%        2d7       78%         1
 Call Imp                 Summ           10%        N/A       89%         2
 Passwall                 Tmut/Erth      8%         N/A       89%         2
 Mephitic Cloud           Conj/Pois/Air  10%        N/A       98%         3
 Stone Arrow              Conj/Erth      20%        3d8       98%         3


Dungeon Overview and Level Annotations

Branches:
Dungeon (9/15)             Temple (1/1) D:5
   Lair: D:8-11         Orc: D:9-12

Altars:
Ashenzari
Dithmenos
Elyvilon
Fedhas
Gozag
Kikubaaqudgha
Makhleb
Nemelex Xobeh
Okawaru
Qazlal
Ru
Sif Muna
Trog
Uskayaw
Wu Jian
Xom
Yredelemnul
Zin
The Shining One

Shops:
D:2 :   D:3 ?   D:4 =

Annotations:
D:9 Erolcha


Innate Abilities, Weirdness & Mutations

You have very sharp teeth.
Your uncanny sense of smell can sniff out nearby items.
Your experience applies equally to all skills.


Message History

The water elemental hits you. You block the water elemental's attack.
You barely miss the water elemental.
The water elemental is moderately damaged.
You hit something. You hit the water elemental.
Your lungs strain for air!
The shadow strikes at you from the darkness!
Reactivating autopickup.
You block the water elemental's attack. The water elemental hits you!
* * * LOW HITPOINT WARNING * * *
You slash the water elemental!
The water elemental is heavily damaged.
You closely miss the shadow. You closely miss the water elemental.
* * * LOW HITPOINT WARNING * * *
Your lungs strain for air!
The shadow slips into darkness.
The shadow flickers and vanishes!
Deactivating autopickup; reactivate with Ctrl-A.
The water elemental hits you!
* * * LOW HITPOINT WARNING * * *
You block the water elemental's attack.
The shadow strikes at you from the darkness!
* * * LOW HITPOINT WARNING * * *
Reactivating autopickup.
You hit the water elemental.
You bite the water elemental, but do no damage.
The water elemental is heavily damaged.
You slash the shadow! You slash the water elemental!
* * * LOW HITPOINT WARNING * * *
Your lungs strain for air!
You block the water elemental's attack. The water elemental hits you.
The shadow barely misses you. The water elemental hits you.
You block the water elemental's attack.
Unknown command.
Unknown command.
You slash the water elemental!
You bite the water elemental, but do no damage.
The water elemental is almost destroyed.
You closely miss the shadow. You closely miss the water elemental.
You die...
Your body crumbles into a pile of gold.

#. ...~≈.....
... .
..##.......# #~#
..#.....≈.#~.# .
...... .#.. . .
.#....#.######
.##.##..#.......
# #...#.#.##.. .
#.#..#W..# .
##..#..@.#
###.#EE..#
...##~##~.. ###
⌠$⌠ #### $∩$.
#⌠$⌠## ##.## ~..


You could see 2 water elementals and a shadow.

Vanquished Creatures
  Gastronok (D:8)
  A boulder beetle (D:9)
  A tengu warrior (D:9)
  Pikel (D:8)
  An ugly thing (D:9)
  A troll (D:9)
  A water elemental (Abyss:2)
  A wyvern (D:8)
  A steam dragon (D:8)
  An acid dragon (D:9)
  An ice beast (D:6)
  3 orc warriors
  3 black bears (D:7)
  An ogre (D:7)
  A phantom (D:6)
  A gnoll sergeant (D:7)
  2 bullfrogs (D:8)
  2 scorpions
  A necrophage (D:4)
  A wight (D:7)
  10 killer bees
  2 howler monkeys
  3 hounds
  2 quasits
  2 orc priests
  A jelly (D:6)
  A gnoll bouda (D:7)
  Jessica (D:3)
  6 iguanas
  7 orc wizards
  16 gnolls
  An adder (D:2)
  5 shadow imps (D:5)
  3 ufetubi
  3 dart slugs
  22 orcs
  4 ball pythons
  3 bats
  9 endoplasms
  A giant cockroach (D:1)
  4 goblins
  5 hobgoblins
  A jackal (D:4)
  2 quokkas
  2 frilled lizards
  4 kobolds
146 creatures vanquished.

Vanquished Creatures (collateral kills)
  An ice beast (D:7)
1 creature vanquished.

Vanquished Creatures (others)
  A gnoll (D:8)
1 creature vanquished.

Grand Total: 148 creatures vanquished

Notes
Turn   | Place    | Note
-------+----------+-------------------------------------------
     0 | D:1      | retardedninja the Gnoll Fighter began the quest for the
                  | Orb.
     0 | D:1      | Reached XP level 1. HP: 23/23 MP: 1/1
   200 | D:1      | Reached XP level 2. HP: 29/29 MP: 2/2
   235 | D:1      | Upgraded the game from 0.30-a0-779-g7971cf19c3 to
                  | 0.30-a0-800-g7c544603b3
   560 | D:2      | Reached XP level 3. HP: 34/35 MP: 3/3
   599 | D:2      | Reached skill level 1 in Invocations
   775 | D:2      | Found a glowing golden altar of the Shining One.
   936 | D:2      | Reached skill level 1 in Short Blades
   936 | D:2      | Reached skill level 1 in Long Blades
   936 | D:2      | Reached skill level 1 in Maces & Flails
   936 | D:2      | Reached skill level 1 in Polearms
   936 | D:2      | Reached skill level 1 in Staves
   936 | D:2      | Reached skill level 1 in Ranged Weapons
   936 | D:2      | Reached skill level 1 in Throwing
   936 | D:2      | Reached skill level 1 in Dodging
   936 | D:2      | Reached skill level 1 in Stealth
   936 | D:2      | Reached skill level 1 in Unarmed Combat
   936 | D:2      | Reached skill level 1 in Spellcasting
   936 | D:2      | Reached skill level 1 in Evocations
   937 | D:2      | Reached XP level 4. HP: 19/41 MP: 5/5
   944 | D:2      | Reached skill level 1 in Conjurations
   944 | D:2      | Reached skill level 1 in Hexes
   944 | D:2      | Reached skill level 1 in Summonings
   944 | D:2      | Reached skill level 1 in Necromancy
   944 | D:2      | Reached skill level 1 in Translocations
   944 | D:2      | Reached skill level 1 in Transmutations
   944 | D:2      | Reached skill level 1 in Fire Magic
   944 | D:2      | Reached skill level 1 in Ice Magic
   944 | D:2      | Reached skill level 1 in Air Magic
   944 | D:2      | Reached skill level 1 in Earth Magic
   944 | D:2      | Reached skill level 1 in Poison Magic
  1152 | D:2      | Found Muijora's Book Shoppe.
  1554 | D:3      | Found Qouxi's Magic Scroll Shoppe.
  1700 | D:3      | Reached XP level 5. HP: 32/47 MP: 7/7
  1782 | D:3      | Found a glowing golden altar of the Shining One.
  1783 | D:3      | Found an opulent altar of Gozag.
  1794 | D:3      | Became a worshipper of Gozag Ym Sagoz the Greedy
  1813 | D:3      | Noticed Jessica
  1819 | D:3      | Killed Jessica
  2512 | D:4      | Reached XP level 6. HP: 43/53 MP: 8/8
  2719 | D:4      | Found Ipoekai's Jewellery Boutique.
  2891 | D:4      | Reached skill level 5 in Axes
  3626 | D:5      | Entered Level 5 of the Dungeon
  3783 | D:4      | Reached XP level 7. HP: 55/60 MP: 7/10
  3924 | D:5      | Found a staircase to the Ecumenical Temple.
  3930 | D:5      | Identified the +0 leather armour of Failure {-Cast Rampage
                  | rF++ Dex-2}
  4087 | Temple   | Entered the Ecumenical Temple
  6092 | D:7      | Reached XP level 8. HP: 59/67 MP: 8/12
  8068 | D:7      | Reached XP level 9. HP: 59/73 MP: 12/14
  9348 | D:8      | Noticed Pikel
  9362 | D:8      | Killed Pikel
  9363 | D:8      | Reached skill level 5 in Invocations
 10839 | D:8      | Noticed Gastronok
 10861 | D:8      | Killed Gastronok
 10862 | D:8      | Reached skill level 5 in Short Blades
 10862 | D:8      | Reached skill level 5 in Long Blades
 10862 | D:8      | Reached skill level 5 in Maces & Flails
 10862 | D:8      | Reached skill level 5 in Polearms
 10862 | D:8      | Reached skill level 5 in Staves
 10862 | D:8      | Reached skill level 5 in Ranged Weapons
 10862 | D:8      | Reached skill level 5 in Throwing
 10862 | D:8      | Reached skill level 5 in Dodging
 10862 | D:8      | Reached skill level 5 in Stealth
 10862 | D:8      | Reached skill level 5 in Unarmed Combat
 10862 | D:8      | Reached skill level 5 in Spellcasting
 10862 | D:8      | Reached skill level 5 in Evocations
 10862 | D:8      | Reached XP level 10. HP: 21/82 MP: 4/17
 11221 | D:9      | Found a broken altar of Ashenzari.
 11862 | D:9      | Noticed a boulder beetle
 11902 | D:9      | Killed a boulder beetle
 12121 | D:9      | Noticed a purple ugly thing
 12132 | D:9      | Killed a purple ugly thing
 12152 | D:9      | Noticed a tengu warrior
 12161 | D:9      | Killed a tengu warrior
 12179 | D:9      | Noticed Erolcha
 12189 | Abyss:2  | Cast into level 2 of the Abyss (Erolcha)
 12214 | Abyss:2  | Reached skill level 5 in Conjurations
 12214 | Abyss:2  | Reached skill level 5 in Hexes
 12214 | Abyss:2  | Reached skill level 5 in Summonings
 12214 | Abyss:2  | Reached skill level 5 in Necromancy
 12214 | Abyss:2  | Reached skill level 5 in Translocations
 12214 | Abyss:2  | Reached skill level 5 in Transmutations
 12214 | Abyss:2  | Reached skill level 5 in Fire Magic
 12214 | Abyss:2  | Reached skill level 5 in Ice Magic
 12214 | Abyss:2  | Reached skill level 5 in Air Magic
 12214 | Abyss:2  | Reached skill level 5 in Earth Magic
 12214 | Abyss:2  | Reached skill level 5 in Poison Magic
 12214 | Abyss:2  | Reached XP level 11. HP: 49/89 MP: 13/20
 12271 | Abyss:2  | HP: 1/89 [drowned by a water elemental (7)]
 12272 | Abyss:2  | Drowned by a water elemental

Illustrated notes

Levels and vault maps discovered:
D:1:      lightli_arrival_windingriver, layout_rooms, serial_forest,
          infiniplex_forest_lined_ring, infiniplex_forest_lined_2,
          infiniplex_forest_clump_small, infiniplex_forest_lined_corner,
          infiniplex_forest_clump_cross, infiniplex_forest_lined_4_way,
          infiniplex_forest_straight_2, infiniplex_forest_clump_diagonal,
          serial_park_tiny_1
D:2:      layout_loops_ring, basic_altar, serial_shops, shop
D:3:      layout_loops_ring, nicolae_overflow_squiral, serial_shops,
          nicolae_diamond_shop, uniq_jessica
D:4:      minmay_chambers_of_twos, layout_rooms, serial_shops,
          nicolae_shop_temple_entry_statues_fountains
D:5:      layout_cave_pools, minmay_temple_entry_slanted, serial_demonic,
          serial_demonic_b, serial_demonic_f, serial_demonic_g,
          serial_demonic_b, serial_demonic_a, serial_demonic_f, serial_demonic_e
D:6:      layout_loops_ring, dk_vineyard_2
D:7:      layout_gridville, grunt_ministairs_7, kennysheep_generic_room_2
D:8:      layout_basic, uniq_gastronok, uniq_pikel
D:9:      minmay_blocky_corners, layout_irregular_city,
          mainiacjoe_overflow_large_starburst, mainiacjoe_overflow_tiny_flanked,
          lair_entry_dummy, uniq_erolcha
Temple:   nicolae_temple_slightly_damp_pantheon
Abyss:2:  base: D:2, guppyfry_abyss_exit_imp_island, hangedman_abyss_mock_shop

Skill      XL: |  1  2  3  4  5  6  7  8  9 10 |
---------------+-------------------------------+-----
Invocations    | 1 2 3 4 5 6 |  6.6
Short Blades   | 1 2 3 5 6 |  6.0
Long Blades    | 1 2 3 5 6 |  6.0
Maces & Flails | 1 2 3 5 6 |  6.0
Polearms       | 1 2 3 5 6 |  6.0
Staves         | 1 2 3 5 6 |  6.0
Ranged Weapons | 1 2 3 5 6 |  6.0
Throwing       | 1 2 3 5 6 |  6.0
Dodging        | 1 2 3 5 6 |  6.0
Stealth        | 1 2 3 5 6 |  6.0
Unarmed Combat | 1 2 3 5 6 |  6.0
Spellcasting   | 1 2 3 5 6 |  6.0
Evocations     | 1 2 3 5 6 |  6.0
Conjurations   | 1 2 3 4 5 |  5.0
Hexes          | 1 2 3 4 5 |  5.0
Summonings     | 1 2 3 4 5 |  5.0
Necromancy     | 1 2 3 4 5 |  5.0
Translocations | 1 2 3 4 5 |  5.0
Transmutations | 1 2 3 4 5 |  5.0
Fire Magic     | 1 2 3 4 5 |  5.0
Ice Magic      | 1 2 3 4 5 |  5.0
Air Magic      | 1 2 3 4 5 |  5.0
Earth Magic    | 1 2 3 4 5 |  5.0
Poison Magic   | 1 2 3 4 5 |  5.0
Axes           | 5 6 7 |  7.6
Fighting       | 7 8 9 |  9.0
Armour         | 7 8 9 |  9.0
Shields        | 7 8 9 |  9.0

Action                     |  1- 3 |  4- 6 |  7- 9 | 10-12 || total
---------------------------+-------+-------+-------+-------++-------
  Melee: War axe           |    56 |   165 |   360 |    91 ||   672
         Bite              |     5 |    16 |    40 |    17 ||    78
  Throw: Boomerang         |       |       |     7 |    23 ||    30
 Invoke: Potion Petition   |       |       |     1 |       ||     1
  Evoke: Wand              |       |       |     3 |    13 ||    16
    Use: Potion            |       |     3 |     9 |     1 ||    13
         Scroll            |       |     6 |    19 |       ||    25
   Stab: Distracted        |       |       |     1 |     1 ||     2
 Armour: Scale mail        |    24 |    58 |       |       ||    82
         Chain mail        |       |    21 |   294 |    39 ||   354
         Plate armour      |       |       |       |    44 ||    44
  Dodge: Dodged            |    19 |    77 |   214 |    19 ||   329
  Block: Buckler           |    10 |    59 |   181 |    39 ||   289
         Kite shield       |       |       |       |    13 ||    13

Table legend: (Time is in decaauts)
 A = Elapsed time spent in this place.
 B = Non-inter-level travel time spent in this place.
 C = Inter-level travel time spent in this place.
 D = Time resting spent in this place.
 E = Time spent auto-exploring this place.
 F = Levels seen in this place.
 G = Mean time per level.
                   A        B        C        D        E       F      G
               +--------+--------+--------+--------+--------+-----+--------+
         Total |  12509 |  12040 |    469 |   5504 |   4689 |  11 | 1137.2 |
       Dungeon |  12240 |  11789 |    451 |   5458 |   4541 |   9 | 1360.0 |
        Temple |    183 |    165 |     18 |      0 |    148 |   1 |  183.0 |
         Abyss |     85 |     85 |      0 |     46 |      0 |   1 |   85.0 |
               +--------+--------+--------+--------+--------+-----+--------+

Top non-repeatable levels by time:
     D:7: 2888 daAuts
     D:8: 2742 daAuts
     D:4: 1730 daAuts
     D:6: 1100 daAuts
     D:2: 921 daAuts
     D:5: 911 daAuts
     D:3: 755 daAuts
     D:9: 690 daAuts
     D:1: 500 daAuts
  Temple: 183 daAuts
 Abyss:2: 85 daAuts
